 Dungeon Crawl Stone Soup version 0.29-a0-876-gfc89b1a5bd (webtiles) character file.

Game seed: 10713785531673251925

53 Mesmaeker13 the Stinger (level 3, -3/28 HPs)
             Began as a Naga Venom Mage on July 19, 2022.
             Slain by a gnoll
             ... wielding a +0 flail
              (5 damage)
             ... on level 2 of the Dungeon.
             The game lasted 00:02:28 (1464 turns).

Mesmaeker13 the Stinger (Naga Venom Mage)           Turns: 1464, Time: 00:02:28

Health: -3/28      AC:  3    Str: 18    XL:     3   Next: 89%
Magic:  4/5        EV:  9    Int: 15    God:
Gold:   50         SH:  0    Dex:  9    Spells: 5/6 levels left

rFire   + + .      SeeInvis +   p - +1 whip (freeze)
rCold   + . .      Faith    .   (no shield)
rNeg    . . .      Spirit   .   h - +1 leather armour {rF+}
rPois   +          Reflect  .   (no helmet)
rElec   .          Harm     .   c - scarf {rC+ rF+}
rCorr   .          Rampage  .   (no gloves)
Will    .....                   (no barding)
Stlth   ++........              f - amulet of the acrobat
HPRegen 0.09/turn               (no ring)
MPRegen 0.09/turn               (no ring)

@: brilliant, very slow
A: AC +1, large, see invisible, deformed body, poison resistance, slowness 2,
spit poison 1, naga tail 1, low MP 1, strong 2, no potion heal 1
a: Spit Poison


You were on level 2 of the Dungeon.
You visited 1 branch of the dungeon, and saw 2 of its levels.

You collected 50 gold pieces.

Inventory:

Hand Weapons
 p - a +1 whip of freezing (weapon)
Armour
 a - a +0 robe
 c - a scarf of resistance (worn)
 e - a +0 buckler
 h - a +1 leather armour of fire resistance (worn)
Jewellery
 f - an amulet of the acrobat (around neck)
Scrolls
 i - a scroll of torment {unknown}
 j - a scroll of identify {unknown}
 k - a scroll of amnesia {unknown}
 m - a scroll of fear {unknown}
Potions
 b - a potion of magic
 d - a potion of curing {unknown}
 l - 2 potions of mutation
 n - a potion of cancellation {unknown}
 o - a potion of brilliance


   Skills:
 + Level 2.3 Dodging
 - Level 3.0 Stealth
 - Level 2.0 Spellcasting
 + Level 2.1 Transmutations
 + Level 4.8 Poison Magic


You had 5 spell levels left.
You knew the following spells:

 Your Spells              Type           Power      Damage    Failure   Level
a - Sting                 Tmut/Pois      72%        1d6       6%          1

Your spell library contained the following spells:

 Spells                   Type           Power      Damage    Failure   Level
 Poisonous Vapours        Pois/Air       26%        N/A       14%         2
 Olgreb's Toxic Radiance  Pois           24%        N/A       34%         4
 Mephitic Cloud           Conj/Pois/Air  9%         N/A       38%         3


Dungeon Overview and Level Annotations

Branches:
Dungeon (2/15)

Altars:


Innate Abilities, Weirdness & Mutations

Your serpentine skin is tough. (AC +1)
You have supernaturally acute eyesight. (SInv)
Armour fits poorly on your strangely shaped body.
Your system is resistant to poisons. (rPois)
You cover ground very slowly.
You can spit poison.
You have a snake-like lower body.
Your magical capacity is low. (-10% MP)
Your muscles are very strong. (Str +8, Int/Dex -2)
Potions are less effective at restoring your health.


Message History

The sting misses the gnoll.
The gnoll attacks as you move away! The gnoll barely misses you.
The gnoll closely misses you.
Casting: Sting (safe; 6% risk of failure)
Confirm with . or Enter, or press ? or * to list all spells.
Aiming: Sting (safe; 6% risk of failure)
Press: ? - help, Shift-Dir - straight line, f/p - gnoll
Aim: a gnoll, wielding a +0 flail (75% to hit)
The sting hits the gnoll but does no damage.
The gnoll is poisoned.
The gnoll closely misses you.
Casting: Sting (safe; 6% risk of failure)
Confirm with . or Enter, or press ? or * to list all spells.
Aiming: Sting (safe; 6% risk of failure)
Press: ? - help, Shift-Dir - straight line, f/p - gnoll
Aim: a gnoll, wielding a +0 flail (poisoned, 75% to hit)
The sting hits the gnoll.
The gnoll looks even sicker.
The gnoll is lightly wounded.
The gnoll hits you with a +0 flail! The gnoll attacks as you move away!
The gnoll hits you with a +0 flail!
Ouch! That really hurt!
* * * LOW HITPOINT WARNING * * *
The gnoll completely misses you. The gnoll misses you.
The gnoll attacks as you move away! The gnoll hits you with a +0 flail.
* * * LOW HITPOINT WARNING * * *
Things that are here:
a +0 dagger; a kobold corpse You see here an adder corpse.
Okay, then.
It was a potion of mutation.
You feel extremely strange.
You feel stronger.
Your system partially rejects the healing effects of potions.
You feel less energetic.
You feel stronger. The gnoll barely misses you.
It was a potion of brilliance.
You feel clever all of a sudden. The gnoll hits you with a +0 flail.
* * * LOW HITPOINT WARNING * * *
The gnoll attacks as you move away! The gnoll hits you with a +0 flail.
You die...

.# #.# .#
#.# .###.#
#.# .....#
#.#
.##########
#.#
.....g..g.#
#.#
.########.#
#.# .#
#.#####g####
.#
#......g@..#
.#
######...#.#
.# #.#.#.#
.# #...#)#
.. ##.##.#
.# #.##.#
#.##.#
#.##.# ###
##.##.#


You could see 2 gnolls.

Vanquished Creatures
  A gnoll (D:2)
  An adder (D:2)
  2 dart slugs
  An endoplasm (D:1)
  2 giant cockroaches (D:1)
  2 hobgoblins (D:1)
  7 kobolds
  A quokka (D:1)
  5 bats (D:1)
  2 frilled lizards (D:1)
  5 goblins (D:1)
  3 rats (D:1)
32 creatures vanquished.

Notes
Turn   | Place    | Note
-------+----------+-------------------------------------------
     0 | D:1      | Mesmaeker13 the Naga Venom Mage began the quest for the
                  | Orb.
     0 | D:1      | Reached XP level 1. HP: 15/15 MP: 3/3
   250 | D:1      | Reached XP level 2. HP: 5/22 MP: 0/5
   936 | D:1      | Reached XP level 3. HP: 23/28 MP: 0/6
   999 | D:1      | Found a faded altar of an unknown god.
  1462 | D:2      | Gained mutation: Your muscles are strong. (Str +4, Int/Dex
                  | -1) [potion of mutation]
  1462 | D:2      | Gained mutation: Potions are less effective at restoring
                  | your health. [potion of mutation]
  1462 | D:2      | Gained mutation: Your magical capacity is low. (-10% MP)
                  | [potion of mutation]
  1462 | D:2      | Gained mutation: Your muscles are very strong. (Str +8,
                  | Int/Dex -2) [potion of mutation]
  1464 | D:2      | Slain by a gnoll

Illustrated notes

Levels and vault maps discovered:
D:1:      dpeg_arrival_rooms_a, layout_rooms,
          ebering_ecumenical_altar_abandoned, minmay_pentomino_w2
D:2:      layout_loops_ring, minmay_randomly_rotated_circles

Skill      XL: |  1  2  3 |
---------------+----------+-----
Dodging        | 2 |  2.3
Transmutations | 2 |  2.1
Stealth        | |  3.0
Spellcasting   | |  2.0
Poison Magic   | |  4.8

Action                   || total
-------------------------++-------
Melee: Unarmed           ||     7
       Short sword       ||    13
       Whip              ||     5
 Cast: Sting             ||    52
 Abil: Spit Poison       ||     5
  Use: Potion            ||     2
Armor: Robe              ||     4
       Leather armour    ||    14
Dodge: Dodged            ||    45

Table legend: (Time is in decaauts)
 A = Elapsed time spent in this place.
 B = Non-inter-level travel time spent in this place.
 C = Inter-level travel time spent in this place.
 D = Time resting spent in this place.
 E = Time spent auto-exploring this place.
 F = Levels seen in this place.
 G = Mean time per level.
                   A        B        C        D        E       F      G
               +--------+--------+--------+--------+--------+-----+--------+
         Total |   1715 |   1659 |     56 |    270 |   1033 |   2 |  857.5 |
       Dungeon |   1715 |   1659 |     56 |    270 |   1033 |   2 |  857.5 |
               +--------+--------+--------+--------+--------+-----+--------+

Top non-repeatable levels by time:
     D:1: 1423 daAuts
     D:2: 292 daAuts
